 Dungeon Crawl Stone Soup version 0.31.0 (webtiles) character file.

Game seed: 4108539762505977413

26433 qw the Marksgargoyle (level 13, -5/83 HPs)
             Began as a Gargoyle Hunter on Jan 20, 2024.
             Was a High Priest of Okawaru.
             Slain by a seven-headed hydra (9 damage)
             ... on level 4 of the Lair of Beasts.
             The game lasted 00:01:56 (13397 turns).

qw the Marksgargoyle (Gargoyle Hunter)             Turns: 13397, Time: 00:01:56

Health: -5/83      AC: 22    Str: 15    XL:     13   Next: 26%
Magic:  20/20      EV: 16    Int: 11    God:    Okawaru [*****.]
Gold:   889        SH:  0    Dex: 23    Spells: 12/12 levels left

rFire   + . .        c - +0 orcbow (heavy)
rCold   . . .        (shield currently unavailable)
rNeg    + . .        s - +0 acid dragon scales
rPois   inf          h - +1 helmet
rElec   +            (no cloak)
rCorr   +            n - +0 pair of gloves
SInv    .            j - +0 pair of boots
Will    .....        m - amulet of faith
Stlth   ++           g - +6 ring of dexterity
HPRegen 0.33/turn    i - ring of protection from fire
MPRegen 0.17/turn

%: faith
@: no status effects
A: sickness immunity, AC +9, negative energy resistance 1, electricity
resistance, torment resistance 1, petrification resistance
a: Renounce Religion, Heroism, Finesse, Duel


You were on level 4 of the Lair of Beasts.
You worshipped Okawaru.
Okawaru was extremely pleased with you.
You visited 3 branches of the dungeon, and saw 16 of its levels.
You also visited: Ossuary.

You collected 889 gold pieces.


Innate Abilities, Weirdness & Mutations

You are immune to sickness and miasma.
Your stone body is resilient. (AC +9)
You are immune to poison.
You resist negative energy. (rN+)
You are resistant to electric shocks. (rElec)
You are resistant to unholy torment.
You are immune to petrification.


   Skills:
 + Level 10.4 Fighting
 - Level 16.0 Ranged Weapons
 - Level 6.2 Armour
 - Level 6.0 Dodging
 - Level 1.1 Stealth
 - Level 10.0 Invocations


You had 12 spell levels left.
You didn't know any spells.
Your spell library was empty.

Inventory:

Hand Weapons
 c - a +0 heavy orcbow (weapon)
Armour
 h - a +1 helmet (worn)
 j - a +0 pair of boots (worn)
 n - a +0 pair of gloves (worn)
 r - +0 steam dragon scales
 s - +0 acid dragon scales (worn)
Jewellery
 g - a +6 ring of dexterity (left hand)
 i - a ring of protection from fire (right hand)
 m - an amulet of faith (around neck)
 Y - a +6 ring of strength
Wands
 l - a wand of digging (12)
 o - a wand of roots (5)
 p - a wand of charming (3)
Scrolls
 t - a scroll of teleportation
 w - a scroll of brand weapon
Potions
 a - 2 potions of enlightenment
 b - 3 potions of might
 d - a potion of curing
 e - a potion of cancellation
 f - 2 potions of mutation
 k - 2 potions of resistance
 q - a potion of magic {unknown}

Dungeon Overview and Level Annotations

Branches:
Dungeon (10/15)            Temple (1/1) D:6            Lair (5/5) D:10
 Shoals (0/4) Lair:3       Spider (0/4) Lair:2        Slime (0/5) Lair:4
    Orc (0/2) D:9         Ossuary (visited)

Altars:
Ashenzari
Cheibriados
Dithmenos
Elyvilon
Fedhas
Gozag
Hepliaklqana
Kikubaaqudgha
Makhleb
Nemelex Xobeh
Okawaru
Qazlal
Ru
Sif Muna
Trog
Uskayaw
Vehumet
Wu Jian
Xom
Yredelemnul
Zin
The Shining One

Shops:
D:4 (   D:8 =

Annotations:
D:6 3 runed translucent doors, qw's ghost, novice GrHu


Message History

The seven-headed hydra bites you! The seven-headed hydra bites you.
The seven-headed hydra bites you!
You climb upwards.
There is a stone staircase leading down here.
You shoot an arrow.
The arrow hits the yak but does no damage.
The seven-headed hydra bites you.
The seven-headed hydra bites you but does no damage. x2
The seven-headed hydra bites you.
The seven-headed hydra bites you but does no damage. x3
The yak gores you but does no damage.
You shoot an arrow. The arrow hits the yak!!
The yak is severely wounded.
The seven-headed hydra bites you.
The seven-headed hydra barely misses you.
The seven-headed hydra misses you.
The seven-headed hydra barely misses you. x2
The seven-headed hydra closely misses you.
The seven-headed hydra barely misses you.
The yak gores you but does no damage.
You shoot an arrow. The arrow hits the yak!!
You kill the yak!
Okawaru accepts your kill.
The seven-headed hydra closely misses you.
The seven-headed hydra bites you.
The seven-headed hydra closely misses you.
The seven-headed hydra completely misses you.
The seven-headed hydra closely misses you.
The seven-headed hydra completely misses you.
The seven-headed hydra bites you but does no damage.
You shoot an arrow. The arrow hits the seven-headed hydra!
The seven-headed hydra is moderately wounded.
The seven-headed hydra bites you!
The seven-headed hydra bites you but does no damage.
The seven-headed hydra misses you.
The seven-headed hydra barely misses you.
The seven-headed hydra bites you!
The seven-headed hydra closely misses you.
The seven-headed hydra bites you!
You die...

..........##.####...#.##.##......
....P#........# #..##.......[....
............P## #..#...###.##..#.
.............P# #...#..######..##
..##..........# #...#...## ##.P#
#..###.?..P#.## #......#.# ##..#
#....##...#######..##...## #..##
...............#..###....####..##
.........?.....D@.###..P###.##...
..####..#P#..#.#####.............
..# ##.######## #####....#..#.
.## ### ###......# .## #########
####...# ..# ##.##..#.#####
#.#.## .## ##............# ###..#
.#########........P#.#.# ##..#
.P##...#......##..####.## #..##


You could see a seven-headed hydra.

Vanquished Creatures
  Kirke (Lair:3)
  2 hydras
  A boulder beetle (D:9)
  Nergalle (Lair:1)
  Amaemon (Lair:3)
  2 skysharks
  3 black mambas
  An orange demon (Lair:3)
  6 cane toads
  3 komodo dragons
  A merfolk (Lair:3)
  A troll (D:9)
  10 blink frogs
  3 hornets
  Prince Ribbit (D:7)
  6 wyverns
  A shadow (D:10)
  3 hogs (Lair:3)
  3 basilisks
  34 yaks
  3 humans (Lair:3)
  A redback (Lair:2)
  A steam dragon (D:9)
  An acid dragon (D:9)
  27 water moccasins
  3 orc warriors
  3 black bears
  3 centaurs
  8 wolves
  2 elf zombies (Ossuary)
  13 bullfrogs
  A gnoll sergeant (D:7)
  2 scorpions (D:5)
  10 wights
  14 killer bees
  An electric eel (Lair:2)
  2 howler monkeys (D:9)
  A bombardier beetle (D:4)
  A gnoll bouda (D:7)
  2 hounds
  4 orc priests
  3 human zombies (Ossuary)
  2 sleepcaps
  2 iguanas (D:5)
  6 orc wizards
  4 mummies (Ossuary)
  19 adders
  9 gnolls (D:7)
  2 white imps
  2 ufetubi (D:6)
  A dart slug (D:3)
  13 orcs
  4 bats
  7 endoplasms
  2 giant cockroaches
  A gnoll zombie (Ossuary)
  5 hobgoblins
  6 jackals
  6 kobolds
  2 quokkas
  5 ball pythons
  3 frilled lizards
  5 goblins
  2 jackal zombies (Ossuary)
  A kobold zombie (Ossuary)
  2 orc zombies (Ossuary)
  4 rats
  3 rat zombies
308 creatures vanquished.

Notes
Turn   | Place    | Note
-------+----------+-------------------------------------------
     0 | D:1      | qw the Gargoyle Hunter began the quest for the Orb.
     0 | D:1      | Reached XP level 1. HP: 12/12 MP: 1/1
     0 | D:1      | 0 ||| qw: Version: 0.3-a-132-g3d54051
     0 | D:1      | 0 ||| qw: Game counter: 459
     0 | D:1      | 0 ||| qw: Melee chars always use a shield: true
     0 | D:1      | 0 ||| qw: God list: Okawaru
     0 | D:1      | 0 ||| qw: Allow faded altars: false
     0 | D:1      | 0 ||| qw: Do Orc after clearing Dungeon:15 true
     0 | D:1      | 0 ||| qw: Do second Lair branch before Depths: true
     0 | D:1      | 0 ||| qw: Lair rune preference: random
     0 | D:1      | 0 ||| qw: Goals: Normal
     0 | D:1      | 0 ||| PLANNING D:1-11
     2 | D:1      | Noticed an elf
     2 | D:1      | Noticed a vine stalker
     4 | D:1      | Noticed a troll
     4 | D:1      | Noticed a ghoul
     6 | D:1      | Noticed a vampire
     8 | D:1      | Noticed a minotaur
    10 | D:1      | Noticed a draconian
    10 | D:1      | Noticed a demigod
    12 | D:1      | Noticed a spriggan
    12 | D:1      | Noticed an oni
    14 | D:1      | Noticed a gargoyle
    14 | D:1      | Noticed a demonspawn
    16 | D:1      | Noticed a barachi
    16 | D:1      | Noticed a human
    18 | D:1      | Noticed a formicid
    20 | D:1      | Noticed an octopode
    22 | D:1      | Noticed an armataur
    22 | D:1      | Noticed a djinni
    24 | D:1      | Noticed a tengu
    24 | D:1      | Noticed a naga
    26 | D:1      | Noticed a felid
    26 | D:1      | Noticed a merfolk
   180 | D:1      | Reached XP level 2. HP: 17/17 MP: 2/2
   512 | D:1      | 512 ||| UPGRADING to +0 helmet.
   517 | D:1      | 517 ||| UPGRADING to +0 pair of boots.
   522 | D:1      | 522 ||| READING 2 scrolls labelled DEPTEUDIOR.
   523 | D:1      | 523 ||| READING 2 scrolls labelled JOZXIK RANOFURGH.
   524 | D:1      | 524 ||| READING 5 scrolls labelled IGEOHYEZXE.
   524 | D:1      | 524 ||| IDENTIFYING 2 smoky emerald potions
   525 | D:1      | 525 ||| READING 4 scrolls of identify.
   525 | D:1      | 525 ||| IDENTIFYING scroll labelled GAROTI OKKAC
   526 | D:1      | 526 ||| DROPPING scroll of butterflies.
   527 | D:1      | 527 ||| DROPPING scroll of fog.
   528 | D:1      | 528 ||| DROPPING scroll of amnesia.
   529 | D:1      | 529 ||| DROPPING scroll of noise.
   703 | D:2      | Reached XP level 3. HP: 21/21 MP: 3/3
  1087 | D:2      | Reached skill level 5 in Ranged Weapons
  1300 | D:2      | 1300 ||| READING 6 scrolls of identify.
  1300 | D:2      | 1300 ||| IDENTIFYING metallic green potion
  1301 | D:2      | 1301 ||| READING 5 scrolls of identify.
  1301 | D:2      | 1301 ||| IDENTIFYING smoky blue potion
  1302 | D:2      | 1302 ||| READING 4 scrolls of identify.
  1302 | D:2      | 1302 ||| IDENTIFYING scroll labelled YRUWUE UCSEMI
  1303 | D:2      | 1303 ||| READING 3 scrolls of identify.
  1303 | D:2      | 1303 ||| IDENTIFYING scroll labelled LAUXAY CIDED
  1304 | D:2      | 1304 ||| READING 2 scrolls of identify.
  1304 | D:2      | 1304 ||| IDENTIFYING scroll labelled EZUEMO SOBUMI
  1305 | D:2      | 1305 ||| READING scroll of brand weapon.
  1305 | D:2      | 1305 ||| BRANDING +0 shortbow.
  1306 | D:2      | 1306 ||| READING scroll of identify.
  1306 | D:2      | 1306 ||| IDENTIFYING 2 scrolls labelled JIUNIMMIANOJ
  1307 | D:2      | 1307 ||| DROPPING scroll of poison.
  1308 | D:2      | 1308 ||| DROPPING scroll of silence.
  1352 | D:3      | 1352 ||| FLEEEEING.
  1405 | D:3      | Reached skill level 3 in Fighting
  1415 | D:3      | Reached skill level 1 in Armour
  1415 | D:3      | Reached XP level 4. HP: 28/28 MP: 4/4
  1444 | D:3      | Identified the orb of Space {mayhem, rPois Str+4}
  1590 | D:3      | 1590 ||| UPGRADING to ring of protection from fire.
  1591 | D:3      | 1591 ||| DROPPING +6 ring of intelligence.
  1592 | D:3      | 1592 ||| UPGRADING to +6 ring of strength.
  1593 | D:3      | 1593 ||| READING scroll labelled OWOMAEDGHYXAE.
  1593 | D:3      | 1593 ||| ENCHANTING +0 shortbow of draining.
  1638 | D:4      | Found Luptanu's Weapon Boutique.
  1655 | D:4      | 1655 ||| FLEEEEING.
  1698 | D:4      | 1698 ||| SHOPLISTING +1 heavy arbalest (196 gold, have
                  | 108).
  1698 | D:4      | 1698 ||| SHOPLISTING +1 shortbow "Jimn" {antimagic, rElec}
                  | (364 gold, have 108).
  1720 | D:4      | 1720 ||| READING scroll of enchant weapon.
  1720 | D:4      | 1720 ||| ENCHANTING +1 shortbow of draining.
  1741 | D:4      | 1741 ||| READING scroll of enchant weapon.
  1741 | D:4      | 1741 ||| ENCHANTING +2 shortbow of draining.
  2018 | D:4      | Reached XP level 5. HP: 27/32 MP: 5/5
  2018 | D:4      | 2018 ||| FLEEEEING.
  2045 | D:4      | 2045 ||| READING scroll labelled WOFUFEM XUOMOC.
  2046 | D:4      | 2046 ||| READING scroll labelled SOQESY XEATI.
  2047 | D:4      | 2047 ||| READING scroll labelled COSEMO VAEQUH.
  2075 | D:5      | Entered Level 5 of the Dungeon
  2075 | D:5      | Noticed an orc warrior
  2076 | D:5      | 2076 ||| STAIRDANCE
  2086 | D:4      | HP: 7/32 [orc warrior/+0 long sword (5)]
  2087 | D:4      | 2087 ||| READING 3 scrolls of teleportation.
  2088 | D:4      | 2088 ||| DRINKING 2 potions of heal wounds.
  2166 | D:5      | Reached skill level 6 in Ranged Weapons
  2404 | D:5      | Reached XP level 6. HP: 38/38 MP: 6/6
  2456 | D:5      | 2456 ||| FLEEEEING.
  2665 | D:5      | Noticed a yak
  2665 | D:5      | Noticed a yak
  2666 | D:5      | 2666 ||| RETREEEEATING.
  2667 | D:5      | Noticed a yak
  2670 | D:5      | Noticed a yak
  2672 | D:5      | Noticed a yak
  2675 | D:5      | Killed a yak
  2676 | D:5      | Reached skill level 7 in Ranged Weapons
  2676 | D:5      | Reached XP level 7. HP: 28/43 MP: 7/7
  2676 | D:5      | 2676 ||| FLEEEEING.
  2677 | D:5      | 2677 ||| FLEEEEING.
  2678 | D:5      | 2678 ||| FLEEEEING.
  2679 | D:5      | 2679 ||| FLEEEEING.
  2680 | D:5      | 2680 ||| FLEEEEING.
  2681 | D:5      | 2681 ||| FLEEEEING.
  2682 | D:5      | 2682 ||| FLEEEEING.
  2683 | D:5      | 2683 ||| FLEEEEING.
  2684 | D:5      | 2684 ||| FLEEEEING.
  2685 | D:5      | 2685 ||| FLEEEEING.
  2686 | D:5      | 2686 ||| FLEEEEING.
  2687 | D:5      | 2687 ||| FLEEEEING.
  2688 | D:5      | 2688 ||| FLEEEEING.
  2689 | D:5      | 2689 ||| FLEEEEING.
  2690 | D:5      | 2690 ||| FLEEEEING.
  2691 | D:5      | 2691 ||| FLEEEEING.
  2692 | D:5      | 2692 ||| FLEEEEING.
  2693 | D:5      | 2693 ||| FLEEEEING.
  2694 | D:5      | 2694 ||| FLEEEEING.
  2695 | D:5      | 2695 ||| FLEEEEING.
  2696 | D:5      | 2696 ||| FLEEEEING.
  2697 | D:5      | 2697 ||| FLEEEEING.
  2698 | D:5      | 2698 ||| FLEEEEING.
  2699 | D:5      | 2699 ||| FLEEEEING.
  2700 | D:5      | 2700 ||| FLEEEEING.
  2701 | D:5      | 2701 ||| FLEEEEING.
  2702 | D:5      | 2702 ||| FLEEEEING.
  2703 | D:5      | 2703 ||| FLEEEEING.
  2704 | D:5      | 2704 ||| FLEEEEING.
  2706 | D:5      | 2706 ||| FLEEEEING.
  2707 | D:5      | 2707 ||| FLEEEEING.
  2708 | D:5      | 2708 ||| FLEEEEING.
  2709 | D:5      | 2709 ||| FLEEEEING.
  2710 | D:5      | 2710 ||| FLEEEEING.
  2711 | D:5      | 2711 ||| FLEEEEING.
  2712 | D:5      | 2712 ||| FLEEEEING.
  2719 | D:5      | Killed a yak
  2727 | D:5      | Killed a yak
  2730 | D:5      | HP: 8/43 [yak (8)]
  2731 | D:5      | 2731 ||| READING 3 scrolls of teleportation.
  2732 | D:5      | 2732 ||| DRINKING potion of heal wounds.
  2804 | D:5      | Found an ornate altar of the Wu Jian Council.
  2889 | D:5      | Reached skill level 8 in Ranged Weapons
  3084 | D:5      | 3084 ||| UPGRADING to +6 ring of dexterity.
  3086 | D:5      | 3086 ||| UPGRADING to ring of protection from fire.
  3088 | D:5      | 3088 ||| READING 2 scrolls of identify.
  3088 | D:5      | 3088 ||| IDENTIFYING murky amethyst potion
  3089 | D:5      | 3089 ||| READING scroll of identify.
  3089 | D:5      | 3089 ||| IDENTIFYING 2 grey potions
  3090 | D:5      | 3090 ||| DROPPING 2 potions of attraction.
  3112 | D:6      | 3112 ||| PLANNING OSSUARY
  3125 | D:6      | Identified the +4 flail "Tuxemn" {elec, Fly rCorr}
  3194 | D:6      | Found a sand-covered staircase.
  3205 | Ossuary  | Entered an ossuary
  3226 | Ossuary  | HP: 11/44 [elf zombie (3)]
  3227 | Ossuary  | Reached XP level 8. HP: 9/48 MP: 8/8
  3227 | Ossuary  | 3227 ||| READING 2 scrolls of teleportation.
  3244 | Ossuary  | HP: 10/48 [elf zombie (4)]
  3245 | Ossuary  | 3245 ||| READING scroll of teleportation.
  3294 | Ossuary  | HP: 12/50 [elf zombie (3)]
  3302 | Ossuary  | HP: 11/50 [elf zombie (3)]
  3572 | Ossuary  | 3572 ||| READING scroll labelled USHUSU BAAXU.
  3605 | Ossuary  | 3605 ||| DRINKING 3 dark potions.
  3606 | Ossuary  | 3606 ||| DRINKING 2 viscous silvery potions.
  3607 | Ossuary  | 3607 ||| DROPPING potion of brilliance.
  3618 | D:6      | 3618 ||| PLANNING D:1-11
  3662 | D:6      | Found a runed translucent gate.
  3663 | D:6      | Found a runed translucent gate.
  3664 | D:6      | Found a runed translucent gate.
  3666 | D:6      | Noticed a kobold demonologist
  3666 | D:6      | Noticed qw's ghost (novice GrHu)
  3790 | D:6      | Reached skill level 9 in Ranged Weapons
  3836 | D:6      | Noticed a yak
  3836 | D:6      | Noticed a yak
  3837 | D:6      | 3837 ||| RETREEEEATING.
  3839 | D:6      | 3839 ||| RETREEEEATING.
  3840 | D:6      | Noticed a yak
  3841 | D:6      | 3841 ||| RETREEEEATING.
  3843 | D:6      | 3843 ||| RETREEEEATING.
  3853 | D:6      | Killed a yak
  3854 | D:6      | Reached skill level 3 in Dodging
  3857 | D:6      | Killed a yak
  3858 | D:6      | Reached skill level 6 in Fighting
  3858 | D:6      | Killed a yak
  3986 | D:6      | Found a staircase to the Ecumenical Temple.
  3987 | D:6      | 3987 ||| PLANNING TEMPLE
  3987 | D:6      | 3987 ||| READING scroll of identify.
  3987 | D:6      | 3987 ||| IDENTIFYING fuming silvery potion
  3988 | D:6      | 3988 ||| READING scroll labelled WEKHLO APHA WIU.
  3988 | D:6      | 3988 ||| ENCHANTING +0 helmet.
  3989 | D:6      | 3989 ||| DROPPING potion of degeneration.
  3995 | Temple   | Entered the Ecumenical Temple
  3996 | Temple   | 3996 ||| PLANNING D:1-11
  4353 | D:7      | Reached XP level 9. HP: 55/55 MP: 9/9
  4382 | D:7      | 4382 ||| RETREEEEATING.
  4385 | D:7      | 4385 ||| RETREEEEATING.
  4386 | D:7      | 4386 ||| RETREEEEATING.
  4387 | D:7      | 4387 ||| RETREEEEATING.
  4388 | D:7      | 4388 ||| RETREEEEATING.
  4389 | D:7      | 4389 ||| RETREEEEATING.
  4399 | D:7      | Reached skill level 10 in Ranged Weapons
  4400 | D:7      | 4400 ||| FLEEEEING.
  4590 | D:7      | 4590 ||| FLEEEEING.
  4681 | D:7      | Found a glowing golden altar of the Shining One.
  4851 | D:7      | Noticed Prince Ribbit
  4855 | D:7      | 4855 ||| RETREEEEATING.
  4856 | D:7      | 4856 ||| RETREEEEATING.
  4857 | D:7      | 4857 ||| RETREEEEATING.
  4861 | D:7      | 4861 ||| RETREEEEATING.
  4862 | D:7      | 4862 ||| RETREEEEATING.
  4870 | D:7      | Killed Prince Ribbit
  4871 | D:7      | 4871 ||| FLEEEEING.
  5115 | D:7      | 5115 ||| FLEEEEING.
  5117 | D:7      | 5117 ||| STAIRDANCE
  5180 | D:6      | 5180 ||| UPGRADING to +0 ring mail.
  5190 | D:6      | 5190 ||| DROPPING +0 leather armour.
  5191 | D:6      | 5191 ||| UPGRADING to +0 pair of gloves.
  5489 | D:7      | Found a hazy altar of Hepliaklqana.
  5837 | D:8      | 5837 ||| RETREEEEATING.
  5838 | D:8      | 5838 ||| RETREEEEATING.
  5839 | D:8      | 5839 ||| RETREEEEATING.
  5840 | D:8      | 5840 ||| RETREEEEATING.
  5844 | D:8      | 5844 ||| RETREEEEATING.
  5853 | D:8      | Reached skill level 3 in Armour
  5894 | D:8      | Found Uggamuf's Jewellery Shoppe.
  5901 | D:8      | Reached skill level 11 in Ranged Weapons
  5910 | D:8      | 5910 ||| FLEEEEING.
  6009 | D:8      | 6009 ||| FLEEEEING.
  6010 | D:8      | 6010 ||| FLEEEEING.
  6011 | D:8      | 6011 ||| FLEEEEING.
  6015 | D:8      | 6015 ||| FLEEEEING.
  6016 | D:8      | 6016 ||| FLEEEEING.
  6017 | D:8      | 6017 ||| FLEEEEING.
  6018 | D:8      | 6018 ||| FLEEEEING.
  6019 | D:8      | 6019 ||| FLEEEEING.
  6020 | D:8      | 6020 ||| FLEEEEING.
  6021 | D:8      | 6021 ||| FLEEEEING.
  6022 | D:8      | 6022 ||| FLEEEEING.
  6023 | D:8      | 6023 ||| FLEEEEING.
  6024 | D:8      | 6024 ||| FLEEEEING.
  6025 | D:8      | 6025 ||| FLEEEEING.
  6055 | D:8      | Noticed a hornet
  6055 | D:8      | Noticed a hornet
  6056 | D:8      | 6056 ||| RETREEEEATING.
  6058 | D:8      | 6058 ||| RETREEEEATING.
  6064 | D:8      | Killed a hornet
  6065 | D:8      | Reached XP level 10. HP: 54/64 MP: 10/10
  6296 | D:8      | 6296 ||| SHOPLISTING +4 ring of protection (504 gold, have
                  | 335).
  6296 | D:8      | 6296 ||| SHOPLISTING amulet of Woxyddan {Rampage rF- rC+
                  | Regen+ Slay+5} (812 gold, have 335).
  6296 | D:8      | 6296 ||| SHOPLISTING amulet of reflection (420 gold, have
                  | 335).
  6296 | D:8      | 6296 ||| SHOPLISTING amulet of regeneration (420 gold, have
                  | 335).
  6296 | D:8      | 6296 ||| SHOPLISTING ring "Olebes" {^Contam *Corrode rF++
                  | rN+++ Will+} (830 gold, have 335).
  6296 | D:8      | 6296 ||| SHOPLISTING ring of protection from cold (350
                  | gold, have 335).
  6341 | D:8      | 6341 ||| DROPPING ring of resist corrosion.
  6342 | D:8      | 6342 ||| DROPPING ring of wizardry.
  6343 | D:8      | 6343 ||| READING scroll of identify.
  6343 | D:8      | 6343 ||| IDENTIFYING amethyst potion
  6344 | D:8      | 6344 ||| DROPPING potion of lignification.
  6391 | D:9      | 6391 ||| FLEEEEING.
  6394 | D:9      | 6394 ||| STAIRDANCE
  6398 | D:8      | 6398 ||| STAIRDANCE
  6567 | D:9      | Found a staircase to the Orcish Mines.
  6818 | D:9      | Reached skill level 12 in Ranged Weapons
  6827 | D:9      | 6827 ||| FLEEEEING.
  6830 | D:9      | 6830 ||| STAIRDANCE
  6941 | D:9      | 6941 ||| FLEEEEING.
  7156 | D:9      | Found a shimmering blue altar of Sif Muna.
  7157 | D:9      | Found an opulent altar of Gozag.
  7158 | D:9      | Found an iron altar of Okawaru.
  7159 | D:9      | 7159 ||| PLANNING OKAWARU WORSHIP
  7159 | D:9      | 7159 ||| UPGRADING to +1 robe of willpower.
  7169 | D:9      | 7169 ||| UPGRADING to amulet of faith.
  7174 | D:9      | Found a broken altar of Ashenzari.
  7180 | D:9      | Became a worshipper of Warmaster Okawaru
  7181 | D:9      | 7181 ||| PLANNING D:1-11
  7344 | D:9      | Reached * piety under Okawaru
  7355 | D:9      | Noticed a boulder beetle
  7362 | D:9      | Reached skill level 1 in Invocations
  7362 | D:9      | 7362 ||| INVOKING Heroism.
  7379 | D:9      | 7379 ||| INVOKING Heroism.
  7384 | D:9      | Killed a boulder beetle
  7385 | D:9      | Reached skill level 13 in Ranged Weapons
  7514 | D:9      | 7514 ||| FLEEEEING.
  7518 | D:9      | 7518 ||| STAIRDANCE
  7531 | D:8      | 7531 ||| DROPPING +0 ring mail.
  7532 | D:8      | 7532 ||| UPGRADING to +0 steam dragon scales.
  7542 | D:8      | 7542 ||| DROPPING +1 robe of willpower.
  7543 | D:8      | 7543 ||| UPGRADING to +0 acid dragon scales.
  7553 | D:8      | 7553 ||| READING scroll of identify.
  7553 | D:8      | 7553 ||| IDENTIFYING coppery potion
  7554 | D:8      | 7554 ||| DROPPING potion of invisibility.
  7613 | D:9      | 7613 ||| SWAPPING to +0 orcbow.
  7620 | D:9      | 7620 ||| DROPPING +3 shortbow of draining.
  7771 | D:10     | Entered Level 10 of the Dungeon
  7775 | D:10     | 7775 ||| STAIRDANCE
  7824 | D:10     | 7824 ||| STAIRDANCE
  7832 | D:10     | 7832 ||| STAIRDANCE
  7842 | D:10     | 7842 ||| STAIRDANCE
  7856 | D:10     | Reached ** piety under Okawaru
  7857 | D:10     | Reached XP level 11. HP: 67/68 MP: 12/12
  7894 | D:10     | Reached skill level 3 in Invocations
  7894 | D:10     | 7894 ||| FLEEEEING.
  7900 | D:10     | 7900 ||| STAIRDANCE
  7973 | D:9      | 7973 ||| DRINKING 2 fizzy black potions.
  7996 | D:10     | Found a staircase to the Lair.
  8059 | D:10     | 8059 ||| RETREEEEATING.
  8060 | D:10     | 8060 ||| RETREEEEATING.
  8064 | D:10     | 8064 ||| RETREEEEATING.
  8299 | D:10     | 8299 ||| FLEEEEING.
  8467 | D:10     | 8467 ||| FLEEEEING.
  8526 | D:10     | Identified the +4 trident "Goblinslayer" {drain, Str+3}
  8606 | D:10     | 8606 ||| PLANNING LAIR
  8661 | Lair:1   | Entered Level 1 of the Lair of Beasts
  8692 | Lair:1   | 8692 ||| READING 2 scrolls of brand weapon.
  8692 | Lair:1   | 8692 ||| BRANDING +0 orcbow.
  8693 | Lair:1   | 8693 ||| READING scroll of brand weapon.
  8693 | Lair:1   | 8693 ||| BRANDING +0 orcbow of flaming.
  8714 | Lair:1   | 8714 ||| RETREEEEATING.
  8726 | Lair:1   | 8726 ||| RETREEEEATING.
  8733 | Lair:1   | Reached *** piety under Okawaru
  8734 | Lair:1   | Reached skill level 9 in Fighting
  8734 | Lair:1   | 8734 ||| FLEEEEING.
  8746 | Lair:1   | HP: 8/71 [black mamba (11)]
  8747 | Lair:1   | 8747 ||| READING 2 scrolls of teleportation.
  9125 | Lair:1   | 9125 ||| RETREEEEATING.
  9125 | Lair:1   | Noticed Nergalle
  9126 | Lair:1   | 9126 ||| INVOKING Heroism.
  9128 | Lair:1   | 9128 ||| RETREEEEATING.
  9129 | Lair:1   | 9129 ||| RETREEEEATING.
  9131 | Lair:1   | 9131 ||| RETREEEEATING.
  9132 | Lair:1   | 9132 ||| RETREEEEATING.
  9133 | Lair:1   | 9133 ||| RETREEEEATING.
  9134 | Lair:1   | 9134 ||| RETREEEEATING.
  9135 | Lair:1   | 9135 ||| RETREEEEATING.
  9136 | Lair:1   | 9136 ||| RETREEEEATING.
  9137 | Lair:1   | 9137 ||| RETREEEEATING.
  9138 | Lair:1   | 9138 ||| RETREEEEATING.
  9139 | Lair:1   | 9139 ||| RETREEEEATING.
  9140 | Lair:1   | 9140 ||| RETREEEEATING.
  9141 | Lair:1   | 9141 ||| RETREEEEATING.
  9143 | Lair:1   | 9143 ||| RETREEEEATING.
  9145 | Lair:1   | 9145 ||| RETREEEEATING.
  9146 | Lair:1   | 9146 ||| RETREEEEATING.
  9147 | Lair:1   | 9147 ||| RETREEEEATING.
  9148 | Lair:1   | 9148 ||| RETREEEEATING.
  9149 | Lair:1   | 9149 ||| RETREEEEATING.
  9150 | Lair:1   | 9150 ||| RETREEEEATING.
  9151 | Lair:1   | 9151 ||| RETREEEEATING.
  9152 | Lair:1   | 9152 ||| RETREEEEATING.
  9153 | Lair:1   | 9153 ||| RETREEEEATING.
  9154 | Lair:1   | 9154 ||| RETREEEEATING.
  9155 | Lair:1   | 9155 ||| RETREEEEATING.
  9156 | Lair:1   | 9156 ||| RETREEEEATING.
  9157 | Lair:1   | 9157 ||| RETREEEEATING.
  9158 | Lair:1   | 9158 ||| RETREEEEATING.
  9159 | Lair:1   | 9159 ||| RETREEEEATING.
  9160 | Lair:1   | 9160 ||| RETREEEEATING.
  9161 | Lair:1   | 9161 ||| RETREEEEATING.
  9162 | Lair:1   | 9162 ||| RETREEEEATING.
  9163 | Lair:1   | 9163 ||| RETREEEEATING.
  9164 | Lair:1   | 9164 ||| RETREEEEATING.
  9165 | Lair:1   | 9165 ||| RETREEEEATING.
  9166 | Lair:1   | 9166 ||| RETREEEEATING.
  9167 | Lair:1   | 9167 ||| RETREEEEATING.
  9168 | Lair:1   | 9168 ||| RETREEEEATING.
  9169 | Lair:1   | 9169 ||| RETREEEEATING.
  9170 | Lair:1   | 9170 ||| RETREEEEATING.
  9170 | Lair:1   | HP: 9/71 [yak (10)]
  9171 | Lair:1   | 9171 ||| READING scroll of teleportation.
  9223 | Lair:1   | 9223 ||| INVOKING Heroism.
  9229 | Lair:1   | Killed Nergalle
  9229 | Lair:1   | Reached **** piety under Okawaru
  9230 | Lair:1   | Reached skill level 14 in Ranged Weapons
  9501 | Lair:1   | Identified the +0 scale mail of Idealism {Int+4}
  9754 | Lair:1   | 9754 ||| RETREEEEATING.
  9755 | Lair:1   | 9755 ||| RETREEEEATING.
  9756 | Lair:1   | 9756 ||| RETREEEEATING.
  9762 | Lair:1   | 9762 ||| RETREEEEATING.
  9765 | Lair:1   | 9765 ||| RETREEEEATING.
  9767 | Lair:1   | 9767 ||| RETREEEEATING.
  9769 | Lair:1   | 9769 ||| RETREEEEATING.
  9770 | Lair:1   | 9770 ||| RETREEEEATING.
  9780 | Lair:1   | 9780 ||| FLEEEEING.
  9878 | Lair:1   | 9878 ||| READING scroll labelled RUACAU UH XIEJ.
  9879 | Lair:1   | 9879 ||| FLEEEEING.
 10230 | Lair:2   | 10230 ||| FLEEEEING.
 10245 | Lair:2   | Found a hole to the Spider Nest.
 10405 | Lair:2   | Reached ***** piety under Okawaru
 10479 | Lair:2   | Noticed a skyshark
 10480 | Lair:2   | 10480 ||| INVOKING Finesse.
 10484 | Lair:2   | Killed a skyshark
 10485 | Lair:2   | Reached skill level 6 in Invocations
 10485 | Lair:2   | Reached XP level 12. HP: 77/77 MP: 10/16
 10842 | Lair:3   | Noticed a seven-headed hydra
 10843 | Lair:3   | 10843 ||| INVOKING Finesse.
 10851 | Lair:3   | Killed a seven-headed hydra
 10852 | Lair:3   | Reached skill level 6 in Armour
 11003 | Lair:3   | Noticed Amaemon
 11004 | Lair:3   | 11004 ||| INVOKING Finesse.
 11021 | Lair:3   | Killed Amaemon
 11111 | Lair:3   | 11111 ||| RETREEEEATING.
 11114 | Lair:3   | Received a gift from Okawaru
 11117 | Lair:3   | 11117 ||| RETREEEEATING.
 11120 | Lair:3   | 11120 ||| RETREEEEATING.
 11207 | Lair:3   | Noticed Kirke
 11208 | Lair:3   | 11208 ||| INVOKING Finesse.
 11211 | Lair:3   | 11211 ||| RETREEEEATING.
 11212 | Lair:3   | 11212 ||| RETREEEEATING.
 11213 | Lair:3   | 11213 ||| RETREEEEATING.
 11216 | Lair:3   | 11216 ||| RETREEEEATING.
 11226 | Lair:3   | 11226 ||| DRINKING 2 potions of cancellation.
 11231 | Lair:3   | Killed Kirke
 11425 | Lair:3   | 11425 ||| RETREEEEATING.
 11444 | Lair:3   | Reached skill level 9 in Invocations
 11556 | Lair:3   | Found a staircase to the Shoals.
 11862 | Lair:3   | 11862 ||| DRINKING 2 sedimented orange potions.
 11943 | Lair:4   | 11943 ||| RETREEEEATING.
 11945 | Lair:4   | 11945 ||| RETREEEEATING.
 11948 | Lair:4   | Reached skill level 15 in Ranged Weapons
 11949 | Lair:4   | 11949 ||| RETREEEEATING.
 11953 | Lair:4   | 11953 ||| RETREEEEATING.
 11954 | Lair:4   | 11954 ||| RETREEEEATING.
 11955 | Lair:4   | 11955 ||| RETREEEEATING.
 11981 | Lair:4   | Found a staircase to the Slime Pits.
 11994 | Lair:4   | 11994 ||| INVOKING Finesse.
 12052 | Lair:4   | Received a gift from Okawaru
 12109 | Lair:4   | 12109 ||| FLEEEEING.
 12114 | Lair:4   | 12114 ||| STAIRDANCE
 12248 | Lair:4   | Found a hazy altar of Hepliaklqana.
 12311 | Lair:4   | Noticed a skyshark
 12312 | Lair:4   | 12312 ||| RETREEEEATING.
 12314 | Lair:4   | 12314 ||| RETREEEEATING.
 12317 | Lair:4   | 12317 ||| INVOKING Finesse.
 12326 | Lair:4   | Killed a skyshark
 12327 | Lair:4   | Reached skill level 6 in Dodging
 12508 | Lair:4   | 12508 ||| RETREEEEATING.
 12514 | Lair:4   | Reached XP level 13. HP: 82/82 MP: 20/20
 12543 | Lair:4   | 12543 ||| RETREEEEATING.
 12544 | Lair:4   | 12544 ||| RETREEEEATING.
 12545 | Lair:4   | 12545 ||| RETREEEEATING.
 12546 | Lair:4   | 12546 ||| RETREEEEATING.
 12547 | Lair:4   | 12547 ||| RETREEEEATING.
 12548 | Lair:4   | 12548 ||| RETREEEEATING.
 12549 | Lair:4   | 12549 ||| RETREEEEATING.
 12550 | Lair:4   | 12550 ||| RETREEEEATING.
 12551 | Lair:4   | 12551 ||| RETREEEEATING.
 12552 | Lair:4   | 12552 ||| RETREEEEATING.
 12553 | Lair:4   | 12553 ||| RETREEEEATING.
 12554 | Lair:4   | 12554 ||| RETREEEEATING.
 12555 | Lair:4   | 12555 ||| RETREEEEATING.
 12556 | Lair:4   | 12556 ||| RETREEEEATING.
 12557 | Lair:4   | 12557 ||| RETREEEEATING.
 12558 | Lair:4   | 12558 ||| RETREEEEATING.
 12560 | Lair:4   | 12560 ||| RETREEEEATING.
 12561 | Lair:4   | 12561 ||| RETREEEEATING.
 12562 | Lair:4   | 12562 ||| RETREEEEATING.
 12563 | Lair:4   | 12563 ||| RETREEEEATING.
 12564 | Lair:4   | 12564 ||| RETREEEEATING.
 12567 | Lair:4   | Received a gift from Okawaru
 12582 | Lair:4   | 12582 ||| RETREEEEATING.
 12583 | Lair:4   | 12583 ||| RETREEEEATING.
 12584 | Lair:4   | 12584 ||| RETREEEEATING.
 12585 | Lair:4   | 12585 ||| RETREEEEATING.
 12586 | Lair:4   | 12586 ||| RETREEEEATING.
 12587 | Lair:4   | 12587 ||| RETREEEEATING.
 12588 | Lair:4   | 12588 ||| RETREEEEATING.
 12592 | Lair:4   | 12592 ||| RETREEEEATING.
 12602 | Lair:4   | 12602 ||| FLEEEEING.
 12622 | Lair:4   | 12622 ||| FLEEEEING.
 12958 | Lair:4   | 12958 ||| FLEEEEING.
 13131 | Lair:4   | 13131 ||| READING scroll labelled HEWNEKLOLE.
 13175 | Lair:5   | Entered Level 5 of the Lair of Beasts
 13178 | Lair:5   | 13178 ||| STAIRDANCE
 13183 | Lair:4   | Reached skill level 16 in Ranged Weapons
 13208 | Lair:5   | 13208 ||| STAIRDANCE
 13217 | Lair:4   | HP: 19/82 [four-headed hydra (5)]
 13218 | Lair:4   | 13218 ||| READING 2 scrolls of teleportation.
 13219 | Lair:4   | 13219 ||| DRINKING potion of heal wounds.
 13222 | Lair:4   | 13222 ||| FLEEEEING.
 13231 | Lair:4   | 13231 ||| STAIRDANCE
 13387 | Lair:5   | 13387 ||| STAIRDANCE
 13392 | Lair:5   | 13392 ||| STAIRDANCE
 13397 | Lair:4   | HP: 14/83 [seven-headed hydra (8)]
 13397 | Lair:4   | HP: 4/83 [seven-headed hydra (10)]
 13397 | Lair:4   | Slain by a seven-headed hydra

Levels and vault maps discovered:
D:1:      kb_arrival_jail, layout_basic, serial_glass, glass_columns_a,
          glass_columns_b
D:2:      layout_basic, palyth_stone_intersect
D:3:      layout_rooms, st_stairs_7
D:4:      layout_cave_pools, serial_shops, nicolae_shop_statue_plus
D:5:      layout_basic, nicolae_overflow_crystal_walls
D:6:      layout_loops_ring, minmay_temple_entry_nine_rooms, enter_ossuary_4,
          gammafunk_ghost_nasty_kobolds
D:7:      layout_layer_cave, mainiacjoe_overflow_catch_the_wave,
          uniq_prince_ribbit1
D:8:      layout_basic, serial_shops, shop
D:9:      wad_river_or_something, layout_grid_maze, mainiacjoe_overflow_alcove_3
D:10:     layout_rooms, david_lair_shrubbed
Temple:   nicolae_temple_no_exploring_needed
Lair:1:   layout_chaotic_city, st_stairs_8, uniq_nergalle
Lair:2:   layout_gridlike, spider_nest_entry_webs, serial_bayou_shore_b,
          serial_bayou_shore_b
Lair:3:   layout_gridlike, elwin_shoals_entry_rooms,
          hangedman_lair_unloving_vines, chequers_serial_rivers_micro_b,
          lemuel_another_geyser, infiniplex_staircase_pool,
          serial_bayou_shore_b, uniq_amaemon, uniq_kirke
Lair:4:   lemuel_reptile_caves, layout_loops_ring, slime_entry_1, basic_altar
Lair:5:   minmay_lair_end_frog_pond, layout_misc_corridors

Skill      XL: |  1  2  3  4  5  6  7  8  9 10 11 12 13 |
---------------+----------------------------------------+-----
Ranged Weapons | 5 6 7 8 9 11 13 14 15 16 | 16.0
Fighting       | 3 4 6 8 10 | 10.4
Armour         | 1 4 5 6 |  6.2
Dodging        | 2 3 4 5 6 |  6.0
Invocations    | 2 6 10 | 10.0
Stealth        | |  1.1

Action                     |  1- 3 |  4- 6 |  7- 9 | 10-12 | 13-15 || total
---------------------------+-------+-------+-------+-------+-------++-------
   Fire: Shortbow          |    98 |    90 |   304 |   162 |       ||   654
         Orcbow            |       |       |       |   467 |   134 ||   601
 Invoke: Heroism           |       |       |       |     4 |       ||     4
         Finesse           |       |       |       |     6 |       ||     6
    Use: Scroll            |    11 |     7 |     8 |     7 |     2 ||    35
         Potion            |       |     1 |     3 |     3 |     1 ||     8
 Armour: Leather armour    |    31 |    36 |   117 |       |       ||   184
         Ring mail         |       |       |    23 |    45 |       ||    68
         Acid dragon scale |       |       |       |   210 |   199 ||   409
         Robe              |       |       |       |     9 |       ||     9
  Dodge: Dodged            |    27 |    23 |   136 |   344 |   291 ||   821

Table legend:
 A = Non-vault XP
 B = Vault XP
 C = Vault XP percentage of total XP
 D = Non-vault monster count
 E = Vault monster count
 F = Vault count percentage of total count
                 A         B        C        D         E       F
            +---------+---------+-------+---------+---------+-------
      Total |   27181 |   10581 |  28.0 |     228 |      77 |  25.2
            +---------+---------+-------+---------+---------+-------
        D:1 |      23 |       0 |   0.0 |      15 |       0 |   0.0
        D:2 |      20 |       0 |   0.0 |      12 |       0 |   0.0
        D:3 |      55 |       5 |   8.3 |      18 |       2 |  10.0
        D:4 |      93 |       0 |   0.0 |       9 |       0 |   0.0
        D:5 |     904 |       0 |   0.0 |      10 |       0 |   0.0
        D:6 |     799 |       2 |   0.2 |      10 |       2 |  16.7
        D:7 |    1330 |     264 |  16.6 |      27 |       1 |   3.6
        D:8 |    1414 |       0 |   0.0 |      17 |       0 |   0.0
        D:9 |    2071 |    1700 |  45.1 |      16 |       9 |  36.0
       D:10 |    1110 |     566 |  33.8 |      15 |       2 |  11.8
     Lair:1 |    4805 |     876 |  15.4 |      20 |       2 |   9.1
     Lair:2 |    1951 |     181 |   8.5 |       9 |       1 |  10.0
     Lair:3 |    5286 |    3527 |  40.0 |      23 |       7 |  23.3
     Lair:4 |    7320 |    3051 |  29.4 |      27 |      35 |  56.5
    Ossuary |       0 |     409 | 100.0 |       0 |      16 | 100.0
            +---------+---------+-------+---------+---------+-------
